 Dungeon Crawl Stone Soup version 0.32-a0-975-g85d4e5bfdb (webtiles) character file.

Game seed: 16090014346238491736

2778 Fodor the Cleaver (level 9, -11/72 (78) HPs)
             Began as a Minotaur Fighter on Apr 19, 2024.
             Was an Initiate of Gozag.
             Killed by the air
             ... invoked by Gastronok
              (31 damage)
             ... on level 8 of the Dungeon.
             The game lasted 00:22:59 (6809 turns).

Fodor the Cleaver (Minotaur Fighter)                Turns: 6809, Time: 00:23:01

HP:   -11/72 (78)   AC: 18    Str: 29 (30) XL:     9   Next: 42%
MP:   8/8           EV: 12    Int:  2 (5)  God:    Gozag
Gold: 910           SH:  5    Dex:  9 (11) Spells: 8/8 levels left

rFire   . . .        a - +4 war axe
rCold   . . .        c - +0 buckler
rNeg    . . .        E - +0 plate armour
rPois   .            (helmet restricted)
rElec   .            L - +1 cloak
rCorr   .            f - +0 pair of gloves
SInv    .            I - +0 pair of boots
Will    .....        (no amulet) Stlth
                     e - +6 ring of strength
HPRegen 0.32/turn    w - +5 ring of evasion
MPRegen 0.11/turn

%: no passive effects
@: slowed, drained, very slow
A: horns 2, retaliatory headbutt
a: Renounce Religion, Potion Petition, Call Merchant, Bribe Branch


You were on level 8 of the Dungeon.
You worshipped Gozag.
Gozag was pleased with you.
You visited 1 branch of the dungeon, and saw 8 of its levels.

You collected 1068 gold pieces.
You spent 131 gold pieces at shops.
You paid 27 gold pieces to Gozag.

Inventory:

Hand Weapons
 a - a +4 war axe (weapon)
 y - a +0 arbalest of flaming
Missiles
 q - 11 poisoned darts (quivered)
 B - a curare-tipped dart
 J - 4 atropa-tipped darts
Armour
 c - a +0 buckler (worn)
 f - a +0 pair of gloves (worn)
 E - a +0 plate armour (worn)
 I - a +0 pair of boots (worn)
 L - a +1 cloak (worn)
Jewellery
 b - a ring of poison resistance
 e - a +6 ring of strength (left hand)
 p - a ring of ice
 w - a +5 ring of evasion (right hand)
Talismans
 t - a serpent talisman
Wands
 u - a wand of paralysis (12)
Scrolls
 g - 3 scrolls of teleportation {unknown}
 j - 6 scrolls of identify {unknown}
 m - a scroll of silence {unknown}
 r - 3 scrolls of poison {unknown}
 x - a scroll of enchant weapon {unknown}
 A - 2 scrolls of revelation {unknown}
 C - a scroll of butterflies {unknown}
 D - a scroll of amnesia {unknown}
 F - 2 scrolls of fog {unknown}
 H - a scroll of enchant armour {unknown}
 K - a scroll of immolation {unknown}
Potions
 d - a potion of might
 h - 2 potions of mutation {unknown}
 k - 3 potions of haste {unknown}
 l - 4 potions of degeneration
 n - a potion of lignification {unknown}
 s - a potion of heal wounds {unknown}
 v - a potion of enlightenment {unknown}
 z - 2 potions of attraction {unknown}
 G - a potion of ambrosia {unknown}


   Skills:
 + Level 6.7 Fighting
 + Level 10.7 Axes
 + Level 2.1 Throwing
 + Level 7.7 Armour
 + Level 2.2 Dodging
 + Level 0.9 Stealth
 + Level 7.0 Shields


You had 8 spell levels left.
You didn't know any spells.
Your spell library contained the following spells:

 Spells                   Type           Power      Damage    Failure   Level
 Shock                    Conj/Air       0%         1d3       100%        1
 Slow                     Hex            0%         N/A       100%        1
 Blink                    Tloc           0%         N/A       100%        2
 Lesser Beckoning         Tloc           0%         N/A       100%        2
 Momentum Strike          Conj/Tloc      0%         3d8       100%        2
 Confusing Touch          Hex            0%         N/A       100%        3
 Stone Arrow              Conj/Erth      0%         3d7       100%        3
 Swiftness                Air            0%         N/A       100%        3
 Vampiric Draining        Necr           0%         2d6       100%        3
 Airstrike                Air            0%         2d(0-16)  100%        4
 Animate Armour           Summ/Erth      0%         N/A       100%        4
 Petrify                  Alch/Erth      0%         N/A       100%        4
 Irradiate                Conj/Alch      0%         3d11      100%        5
 Seismic Cannonade        Alch/Erth      0%         6d4       100%        7
 Fulsome Fusillade        Conj/Alch      0%         (3-5)d4   100%        8
 Lehudib's Crystal Spear  Conj/Erth      0%         10d2      100%        8


Dungeon Overview and Level Annotations

Branches:
Dungeon (8/15)             Temple (0/1) D:6
   Lair: D:8-11

Altars:
Ashenzari
Cheibriados
Dithmenos
Elyvilon
Gozag
Hepliaklqana
Kikubaaqudgha
Nemelex Xobeh
Qazlal
Sif Muna
Trog
Vehumet
Zin

Shops:
D:4 (

Annotations:
D:8 Gastronok


Innate Abilities, Weirdness & Mutations

You have a pair of horns on your head.
You reflexively headbutt those who attack you in melee.


Message History

You feel drained.
You feel better. The river rat barely misses you. Gastronok bites you.
* * * LOW HITPOINT WARNING * * *
You block the wight's attack.
The river rat bites you but does no damage.
You feel better.
The wight hits you from afar with a +3 halberd!
* * * LOW HITPOINT WARNING * * *
You feel drained.
* * * LOW HITPOINT WARNING * * *
The river rat barely misses you.
Gastronok looks at you and mumbles some strange words.
You barely resist. The wight hits you but does no damage.
You feel better. The river rat bites you.
* * * LOW HITPOINT WARNING * * *
You block the wight's attack. Gastronok closely misses you.
The river rat closely misses you.
You slash Gastronok!
Gastronok is severely wounded.
You barely miss the river rat. The wight hits you but does no damage.
The river rat bites you but does no damage.
The wight barely misses you.
You hit Gastronok.
Gastronok is severely wounded.
You closely miss the river rat. The river rat closely misses you.
You furiously retaliate!
You headbutt the river rat!
You kill the river rat!
The river rat's corpse disappears in a puff of smoke!
Gastronok looks at you and mumbles some strange words.
You feel as though you will be slow longer.
You block the wight's attack.
Gastronok casts a spell.
The rat twitches its whiskers.
The river rat attacks as it pursues you!
The river rat bites you but does no damage.
Gastronok waves his eye-stalks in wide circles.
The air twists around and strikes you!!
You die...
Gastronok gurgles, "Time to dig in!"
Your body crumbles into a pile of gold.

##########
###########.....<..#
##...............<..#
.........#..........###
#.........###<.......#
#......r#####...[...>#
........rbzw.r@.......#
#.......######........#
........# #........#
..w.#..## ####.#####
..##... ..# # #... .##
.... .#


You could see Gastronok (swift), a wight, a river rat (summoned), a quokka
(summoned), a bat (summoned) and a rat (summoned).

Vanquished Creatures
  Grinder (D:3)
  Menkaure (D:6)
  A water moccasin (D:5)
  2 orc warriors
  A sky beast (D:7)
  4 black bears
  An ogre (D:7)
  A centaur (D:6)
  A phantom (D:4)
  2 bullfrogs (D:7)
  2 scorpions
  4 wights (D:8)
  3 bombardier beetles
  A howler monkey (D:6)
  2 hounds (D:5)
  A jelly (D:6)
  An orc priest (D:7)
  3 gnoll boudas
  A sleepcap (D:7)
  Terence (D:3)
  6 iguanas
  An orc wizard (D:4)
  Ijyb (D:3)
  17 gnolls
  11 adders
  2 shadow imps
  10 dart slugs
  2 ribbon worms
  24 orcs
  7 endoplasms
  3 giant cockroaches
  7 goblins
  9 hobgoblins
  6 jackals
  2 kobolds
  3 quokkas
  10 ball pythons
  8 bats
  4 frilled lizards
  3 rats
170 creatures vanquished.

Notes
Turn   | Place    | Note
-------+----------+-------------------------------------------
     0 | D:1      | Fodor the Minotaur Fighter began the quest for the Orb.
     0 | D:1      | Reached XP level 1. HP: 19/19 MP: 0/0
    66 | D:1      | Reached XP level 2. HP: 27/27 MP: 1/1
   637 | D:2      | Reached XP level 3. HP: 30/33 MP: 2/2
   696 | D:2      | Reached skill level 3 in Axes
  1102 | D:2      | Reached XP level 4. HP: 37/40 MP: 3/3
  1359 | D:2      | Reached skill level 4 in Axes
  1558 | D:3      | Found a snail-covered altar of Cheibriados.
  1669 | D:3      | Noticed Ijyb
  1674 | D:3      | Paralysed by Ijyb for 4 turns
  1684 | D:3      | Paralysed by Ijyb for 5 turns
  1689 | D:3      | Killed Ijyb
  1706 | D:3      | Reached XP level 5. HP: 45/47 MP: 4/4
  1710 | D:3      | Noticed Grinder
  1718 | D:3      | Killed Grinder
  1719 | D:3      | Reached skill level 5 in Axes
  1719 | D:3      | Reached skill level 1 in Dodging
  1719 | D:3      | Reached skill level 5 in Shields
  1719 | D:3      | Reached XP level 6. HP: 31/53 MP: 5/5
  2072 | D:3      | Noticed Terence
  2080 | D:3      | Killed Terence
  2349 | D:3      | Found an opulent altar of Gozag.
  2353 | D:3      | Became a worshipper of Gozag Ym Sagoz the Greedy
  2747 | D:4      | Reached skill level 1 in Throwing
  2747 | D:4      | Reached skill level 5 in Armour
  2798 | D:4      | Found an ancient bone altar of Kikubaaqudgha.
  2800 | D:4      | Found a broken altar of Ashenzari.
  2845 | D:4      | Found Uxeehiri's Weapon Shoppe.
  2858 | D:4      | Reached XP level 7. HP: 60/60 MP: 6/6
  2925 | D:4      | Bought a +0 arbalest of flaming for 131 gold pieces
  2967 | D:4      | Reached skill level 6 in Axes
  3244 | D:4      | Found a white marble altar of Elyvilon.
  3472 | D:4      | Found a stormy altar of Qazlal.
  3557 | D:4      | Found a bloodstained altar of Trog.
  3566 | D:4      | Reached skill level 5 in Fighting
  3626 | D:4      | Found a shimmering blue altar of Sif Muna.
  3630 | D:4      | Got Sif Muna's Anthology of Beguiling and Feathers
  3683 | D:5      | Entered Level 5 of the Dungeon
  3713 | D:5      | Found a shadowy altar of Dithmenos.
  3770 | D:5      | Identified the +0 helmet of the Great Game {rElec Str+2
                  | Int+3}
  3792 | D:5      | Found a glowing silver altar of Zin.
  3861 | D:5      | Reached skill level 7 in Axes
  3861 | D:5      | Reached XP level 8. HP: 55/68 MP: 7/7
  4073 | D:5      | Found a sparkling altar of Nemelex Xobeh.
  4216 | D:5      | Reached skill level 8 in Axes
  4435 | D:5      | Found a hazy altar of Hepliaklqana.
  5336 | D:6      | Reached skill level 9 in Axes
  5397 | D:6      | Found a staircase to the Ecumenical Temple.
  5403 | D:6      | Noticed Menkaure
  5408 | D:6      | Killed Menkaure
  5870 | D:7      | Reached XP level 9. HP: 75/75 MP: 8/8
  6075 | D:7      | Reached skill level 10 in Axes
  6409 | D:7      | Found a radiant altar of Vehumet.
  6752 | D:8      | Noticed Gastronok
  6809 | D:8      | Killed from afar by Gastronok

Illustrated notes

Levels and vault maps discovered:
D:1:      lightli_arrival_boilingwater, layout_basic, grunt_decor_resistance,
          due_unseen_surprise
D:2:      layout_basic
D:3:      layout_loops_corners, mainiacjoe_overflow_24_doors, marbit_many_paths,
          uniq_grinder, uniq_terence, uniq_ijyb
D:4:      kennysheep_slugbush, layout_basic,
          nzn_overflow_gifts_of_might_and_magic, elyvilon_altar_5,
          nicolae_overflow_squiral, nicolae_qazlal_general_emergency,
          serial_shops, nicolae_shop_gibbet_a_chance
D:5:      layout_loops_corners, mainiacjoe_overflow_surrounded_room,
          grunt_dithmenos_smoke, nemelex_diamond_rough_becter, zin_statuary,
          columned_hall_lemuel
D:6:      layout_layer_cave, minmay_temple_entry_waves,
          corexii_leaking_fountain, nicolae_grassy_gnolls, uniq_menkaure
D:7:      layout_rooms, lemuel_doored_altar
D:8:      cheibrodos_quashed, layout_rooms, lemuel_mausoleum_altar_yredelemnul,
          grunt_lair_entry_orc_guard_hut, uniq_gastronok, uniq_amaemon

Skill      XL: |  1  2  3  4  5  6  7  8  9 |
---------------+----------------------------+-----
Fighting       | 4 5 6 |  6.7
Armour         | 4 5 6 7 |  7.7
Shields        | 4 5 6 7 |  7.0
Axes           | 3 4 5 7 9 10 | 10.7
Dodging        | 1 2 |  2.2
Throwing       | 1 2 |  2.1
Stealth        | |  0.9

Action                     |  1- 3 |  4- 6 |  7- 9 || total
---------------------------+-------+-------+-------++-------
  Melee: War axe           |    61 |    79 |   238 ||   378
         Headbutt          |     6 |    11 |    37 ||    54
  Throw: Dart              |     5 |    11 |    10 ||    26
    Use: Potion            |       |       |     7 ||     7
 Armour: Scale mail        |    48 |    61 |       ||   109
         Chain mail        |       |     5 |    30 ||    35
         Plate armour      |       |       |   153 ||   153
  Dodge: Dodged            |    32 |    34 |   170 ||   236
  Block: Buckler           |    15 |    22 |    75 ||   112

Table legend: (Time is in decaauts)
 A = Elapsed time spent in this place.
 B = Non-inter-level travel time spent in this place.
 C = Inter-level travel time spent in this place.
 D = Time resting spent in this place.
 E = Time spent auto-exploring this place.
 F = Levels seen in this place.
 G = Mean time per level.
                   A        B        C        D        E       F      G
               +--------+--------+--------+--------+--------+-----+--------+
         Total |   6906 |   6729 |    177 |    283 |   4084 |   8 |  863.2 |
       Dungeon |   6906 |   6729 |    177 |    283 |   4084 |   8 |  863.2 |
               +--------+--------+--------+--------+--------+-----+--------+

Top non-repeatable levels by time:
     D:3: 1193 daAuts
     D:5: 1156 daAuts
     D:6: 1031 daAuts
     D:4: 997 daAuts
     D:2: 921 daAuts
     D:7: 759 daAuts
     D:1: 643 daAuts
     D:8: 202 daAuts
